 Dungeon Crawl Stone Soup version 0.19-a0-1738-gbb2db12 (webtiles) character file.

58415 Naow the Tortoise (level 14, -2/137 HPs)
             Began as a Minotaur Berserker on Oct 1, 2016.
             Was a High Priest of Trog.
             Slain by an orc warlord
             ... wielding a +2 halberd of venom
              (26 damage)
             ... on level 2 of the Orcish Mines.
             The game lasted 01:02:08 (19856 turns).

Naow the Tortoise (Minotaur Berserker)             Turns: 19856, Time: 01:02:09

Health: -2/137     AC: 23    Str: 22    XL:     14   Next: 49%
Magic:  13/13      EV: 17    Int:  9    God:    Trog [*****.]
Gold:   1740       SH:  0    Dex: 17    Spells: 0 memorised, 13 levels left

rFire  + . .     SeeInvis +     R - +3 battleaxe (elec)
rCold  + . .     Gourm    +     z - +6 scale mail "Ziffil" {SInv}
rNeg   + + +     Faith    .     (shield currently unavailable)
rPois  +         Spirit   .     (helmet restricted)
rElec  +         Dismiss  .     N - +0 cloak {rPois}
rCorr  +         Reflect  .     J - +0 pair of gloves "Dannusez" {-Tele *Drain rN+++ Dex+4}
MR     +++..     Harm     .     v - +0 pair of boots
Stlth  .......... NoTele   +    V - amulet of the gourmand
                                w - +4 ring of evasion
                                C - ring of the Octopus King {Wiz AC+1 EV+1 Str+1 Int+1 Dex+1}

@: resistant, regenerating
A: retaliatory headbutt, horns 2
a: Berserk, Trog's Hand, Brothers in Arms, Burn Spellbooks, Renounce Religion


You were on level 2 of the Orcish Mines.
You worshipped Trog.
Trog was extremely pleased with you.
You were very full.

You visited 3 branches of the dungeon, and saw 20 of its levels.
You also visited: Volcano.

You collected 1740 gold pieces.

Inventory:

Hand Weapons
 u - a cursed -3 war axe
 R - a +3 battleaxe of electrocution (weapon)
 T - a +1 battleaxe
Armour
 t - a +1 ice dragon armour
 v - a +0 pair of boots (worn)
 z - the +6 scale mail "Ziffil" (worn) {SInv}
   (You found it on level 3 of the Lair of Beasts)

   It lets you see invisible.
 D - a +1 pair of gloves
 G - a +4 plate armour of fire resistance
 J - the +0 pair of gloves "Dannusez" (worn) {-Tele *Drain rN+++ Dex+4}
   (You found it on level 5 of the Lair of Beasts)

   It affects your dexterity (+4).
   It renders you almost immune to negative energy.
   It prevents most forms of teleportation.
   It causes draining when unequipped.
 N - a +0 cloak of poison resistance (worn)
 Q - a +4 plate armour
Jewellery
 a - a +2 ring of strength
 b - an uncursed ring of poison resistance
 e - an uncursed ring of stealth
 w - a +4 ring of evasion (right hand)
 C - a ring of the Octopus King (left hand) {Wiz AC+1 EV+1 Str+1 Int+1 Dex+1}
   (You found it on level 4 of the Dungeon)

   [ring of wizardry]

   It improves your spell success rate.
   It affects your AC (+1).
   It affects your evasion (+1).
   It affects your strength (+1).
   It affects your intelligence (+1).
   It affects your dexterity (+1).
 V - an amulet of the gourmand (around neck)
Wands
 k - a wand of digging (14/24)
 o - a wand of enslavement (12/24)
 M - a wand of digging (4/24)
 W - a wand of polymorph (7/24)
Scrolls
 d - 6 scrolls of identify
 g - 4 scrolls of remove curse
 n - a scroll of silence {unknown}
 p - a scroll of immolation {unknown}
 r - 6 scrolls of recharging
 x - 4 scrolls of blinking
 y - 4 scrolls of teleportation
 A - a scroll of enchant armour
 E - a scroll of enchant weapon
 X - 2 scrolls of magic mapping
Potions
 i - 6 potions of might {unknown}
 j - a potion of ambrosia
 l - a potion of heal wounds {unknown}
 m - 3 potions of cancellation
 q - 7 potions of magic
 s - 5 potions of curing
 B - 8 potions of berserk rage
 H - 7 potions of agility
 I - a potion of experience {unknown}
 K - 2 potions of brilliance {unknown}
 S - 3 potions of flight
Comestibles
 c - 12 bread rations
 h - 4 beef jerkies
 F - a slice of pizza
 O - 35 fruits
 P - a meat ration


   Skills:
 + Level 16.2 Fighting
 - Level 16.0 Axes
 - Level 18.6 Armour
 - Level 2.4 Dodging


You had 13 spell levels left.
You didn't know any spells.

Dungeon Overview and Level Annotations

Branches:
Dungeon (12/15)            Temple (0/1) D:6            Lair (6/6) D:11
  Swamp (0/4) Lair:4        Snake (0/4) Lair:2        Slime (0/5) Lair:5
    Orc (2/2) D:9             Elf (0/3) Orc:2

Altars:
Ashenzari
Ru
Trog
Vehumet
Beogh

Shops:
D:5 %   Orc:2 :


Innate Abilities, Weirdness & Mutations

You reflexively headbutt those who attack you in melee.
You have a pair of horns on your head.


Message History

The orc warrior hits you with a hand axe!
* * * LOW HITPOINT WARNING * * *
The orc sorcerer hits you but does no damage.
The orc warlord completely misses you. The orc misses you.
You furiously retaliate!
You headbutt the orc, but do no damage. The wraith hits you.
* * * LOW HITPOINT WARNING * * *
The orc warrior throws a tomahawk.
The tomahawk closely misses you.
The orc sorcerer mumbles some strange words.
The orc knight hits you from afar with an enchanted halberd!
* * * LOW HITPOINT WARNING * * *
You feel protected.
The orc warrior hits you but does no damage.
The orc warrior completely misses you.
The orc sorcerer hits you but does no damage.
The orc warrior hits you but does no damage.
The wraith barely misses you. You furiously retaliate!
You headbutt the wraith! The orc hits you but does no damage.
The orc warlord hits you from afar with a halberd of venom!!
You die...

........P......
.......P...∩.......
................P..
......P.P.....P....
........P..........
.........P..P...>.o
..........P........
.......<...ooo$..o.
..........W@ooT....
#..(.......ooo.....
...........3.o4....
..............#....
.#.......#.....o.. ...
.........#..........
..
..........o..........
.
...........o..........
....#..........


You could see an orc warlord, an orc knight, a soul eater, an ice devil, a
troll, a wraith, 2 orc sorcerers, 7 orc warriors and 3 orcs.

Vanquished Creatures
  Josephine (Orc:1)
  Fannar (Orc:1)
  2 hydras
  Erica (D:11)
  A centaur warrior (D:11)
  A tengu warrior (D:11)
  The ghost of Naow the Severer, a novice MiBe of Trog (D:9)
  An orc high priest (Orc:1)
  20 death yaks
  Urug (D:11)
  Nergalle (Orc:1)
  A hill giant (D:12)
  A wolf spider (Lair:6)
  An oklob plant (Lair:5)
  A deep elf mage (Volcano)
  An ugly thing (D:11)
  A guardian serpent (Lair:6)
  7 black mambas
  3 elephants (Lair:5)
  A gargoyle (D:11)
  15 spiny frogs
  A rime drake (Lair:6)
  3 komodo dragons
  3 trolls
  3 two-headed ogres
  21 blink frogs
  13 dream sheep (Lair:6)
  6 hippogriffs
  A shadow (D:12)
  8 wyverns (Lair:6)
  A vampire (D:12)
  A fire bat (Volcano)
  2 hogs (Volcano)
  9 wraiths
  Eustachio (D:4)
  3 basilisks
  3 vampire mosquitoes (Lair:4)
  20 yaks
  A naga (Lair:2)
  Edmund (D:4)
  Duvessa (D:4)
  12 porcupines
  10 water moccasins
  3 ice beasts
  9 orc warriors
  4 eyes of draining
  3 phantoms
  3 sky beasts
  A black bear (D:6)
  4 wasps (Lair:6)
  A necrophage (D:7)
  7 centaurs
  6 ogres
  8 crocodiles
  4 wolves (Lair:1)
  2 big kobolds (D:12)
  Blork the orc (D:6)
  11 bullfrogs
  Dowan (D:4)
  A water moccasin zombie (D:5)
  2 wyvern skeletons
  A scorpion (Lair:1)
  19 killer bees
  5 wights (D:12)
  An electric eel (Lair:2)
  A howler monkey (D:4)
  9 crimson imps
  A centaur zombie (D:12)
  Crazy Yiuf (D:6)
  A centaur skeleton (D:5)
  6 orc priests
  5 hounds
  3 jellies
  14 orc wizards
  10 iguanas
  2 hell rats (D:11)
  10 worker ants
  A hound zombie (D:6)
  A hound skeleton (D:9)
  A howler monkey zombie (D:8)
  A worker ant zombie (D:5)
  19 adders
  59 river rats
  A shadow imp (D:11)
  An ooze (D:4)
  An adder skeleton (D:8)
  2 worms (D:2)
  3 dart slugs
  6 leopard geckos
  48 orcs
  16 bats
  7 giant cockroaches
  7 goblins
  10 hobgoblins
  4 jackals
  10 kobolds
  3 quokkas
  4 ball pythons
  9 frilled lizards
  A quokka skeleton (D:5)
  9 rats
  A bush (Lair:6)
  6 fungi
  8 plants
586 creatures vanquished.

Vanquished Creatures (collateral kills)
  A hydra (Lair:6)
  A black mamba (Lair:6)
  A water moccasin (Lair:6)
  An iguana (Lair:6)
4 creatures vanquished.

Vanquished Creatures (others)
  An orc warrior (Volcano)
  A bush (Lair:6)
  22 fungi
  27 plants
51 creatures vanquished.

Grand Total: 641 creatures vanquished

Notes
Turn   | Place    | Note
-------+----------+-------------------------------------------
     0 | D:1      | Naow the Minotaur Berserker began the quest for the Orb.
     0 | D:1      | Reached XP level 1. HP: 19/19 MP: 0/0
   177 | D:1      | Reached XP level 2. HP: 23/27 MP: 1/1
  1056 | D:2      | Reached XP level 3. HP: 33/33 MP: 2/2
  1523 | D:2      | Reached skill level 5 in Axes
  1619 | D:2      | Reached ** piety under Trog
  1866 | D:2      | Reached XP level 4. HP: 38/40 MP: 3/3
  2061 | D:3      | Found a shattered altar of Ashenzari.
  2169 | D:3      | Reached XP level 5. HP: 41/46 MP: 4/4
  2997 | D:4      | Noticed Eustachio
  3023 | D:4      | Killed Eustachio
  3023 | D:4      | Reached XP level 6. HP: 47/52 MP: 5/5
  3125 | D:4      | Got a ring of the Octopus King
  3150 | D:4      | Noticed Edmund
  3167 | D:4      | Killed Edmund
  3382 | D:4      | Noticed Dowan
  3384 | D:4      | Noticed Duvessa
  3397 | D:4      | Killed Duvessa
  3397 | D:4      | Reached XP level 7. HP: 58/58 MP: 6/6
  3398 | D:4      | Killed Dowan
  3462 | D:4      | Reached skill level 10 in Axes
  3559 | D:4      | Reached *** piety under Trog
  3693 | D:5      | Entered Level 5 of the Dungeon
  3949 | D:5      | Reached XP level 8. HP: 13/66 MP: 7/7
  4271 | D:5      | Found a radiant altar of Vehumet.
  4329 | D:5      | Found Sonouhat's Food Boutique.
  4917 | D:6      | Reached **** piety under Trog
  5004 | D:6      | Noticed Blork the orc
  5016 | D:6      | Killed Blork the orc
  5032 | D:6      | Found a staircase to the Ecumenical Temple.
  5116 | D:6      | You fall through a shaft for 3 floors!
  5129 | D:9      | Reached XP level 9. HP: 70/71 MP: 8/8
  5416 | D:9      | Identified a ring of the Octopus King {Wiz AC+1 EV+1 Str+1 Int+1 Dex+1} (You found it on level 4 of the Dungeon)
  5458 | D:9      | Noticed a troll
  5460 | D:9      | Noticed Naow's ghost (novice MiBe)
  5467 | D:9      | Killed a troll
  5478 | D:9      | Killed Naow's ghost
  5478 | D:9      | Reached skill level 15 in Axes
  5646 | D:9      | Found a roughly hewn altar of Beogh.
  5646 | D:9      | Found a staircase to the Orcish Mines.
  5988 | D:9      | Reached skill level 3 in Armour
  6188 | D:8      | Reached XP level 10. HP: 68/78 MP: 9/9
  6191 | D:8      | Reached skill level 4 in Armour
  6293 | D:8      | Reached ***** piety under Trog
  6379 | D:8      | Reached skill level 5 in Armour
  6642 | D:7      | Reached skill level 6 in Armour
  6738 | D:7      | Reached skill level 7 in Armour
  6754 | D:7      | Found a bloodstained altar of Trog.
  7015 | D:7      | Reached skill level 8 in Armour
  7481 | D:6      | Found a runed door.
  7485 | D:6      | Noticed Crazy Yiuf
  7496 | D:6      | Killed Crazy Yiuf
  7658 | Orc:1    | Entered Level 1 of the Orcish Mines
  7682 | Orc:1    | Reached skill level 9 in Armour
  7826 | Orc:1    | Found a roughly hewn altar of Beogh.
  7919 | Orc:1    | Noticed Fannar
  7951 | Orc:1    | Killed Fannar
  7951 | Orc:1    | Reached skill level 10 in Armour
  8232 | Orc:1    | Noticed Josephine
  8238 | Orc:1    | Noticed Nergalle
  8250 | Orc:1    | Killed Josephine
  8250 | Orc:1    | Reached skill level 11 in Armour
  8250 | Orc:1    | Reached XP level 11. HP: 76/83 MP: 10/10
  8267 | Orc:1    | Noticed a spectral orc warlord
  8270 | Orc:1    | Killed Nergalle
  8270 | Orc:1    | Reached skill level 12 in Armour
  8561 | Orc:2    | Entered Level 2 of the Orcish Mines
  8563 | Orc:2    | Noticed an orc knight
  8585 | Orc:2    | Found Laceh's Book Boutique.
  8585 | Orc:2    | Noticed an orc high priest
  8585 | Orc:2    | Noticed an orc warlord
  8585 | Orc:2    | Noticed an orc sorcerer
  8585 | Orc:2    | Noticed an orc high priest
  8588 | Orc:2    | Noticed a sun demon
  8772 | D:10     | Entered Level 10 of the Dungeon
  8842 | D:10     | Received a gift from Trog
  9352 | D:11     | Noticed Urug
  9365 | D:11     | Killed Urug
  9365 | D:11     | Reached skill level 13 in Armour
  9403 | D:11     | Noticed a tengu warrior
  9412 | D:11     | Killed a tengu warrior
  9636 | D:11     | Noticed Erica
  9651 | D:11     | Killed Erica
  9651 | D:11     | Reached skill level 14 in Armour
  9652 | D:11     | Found a staircase to the Lair.
  9918 | D:11     | Noticed a centaur warrior
  9926 | D:11     | Killed a centaur warrior
  9926 | D:11     | Reached skill level 15 in Armour
 10083 | D:12     | Noticed a hill giant
 10094 | D:12     | Killed a hill giant
 10153 | D:12     | Found a sacrificial altar of Ru.
 10255 | D:12     | Reached XP level 12. HP: 91/91 MP: 11/11
 10834 | Lair:1   | Entered Level 1 of the Lair of Beasts
 11047 | Lair:1   | Reached skill level 16 in Armour
 11217 | Lair:1   | Noticed a five-headed hydra
 11226 | Lair:1   | Killed an eight-headed hydra
 11338 | Lair:1   | Received a gift from Trog
 12005 | Lair:2   | Noticed a five-headed hydra
 12015 | Lair:2   | Killed an eight-headed hydra
 12019 | Lair:2   | Reached skill level 17 in Armour
 12130 | Lair:2   | Noticed a death yak
 12131 | Lair:2   | Noticed a death yak
 12132 | Lair:2   | Noticed a death yak
 12132 | Lair:2   | Noticed a death yak
 12133 | Lair:2   | Noticed a death yak
 12141 | Lair:2   | Killed a death yak
 12144 | Lair:2   | Noticed a death yak
 12155 | Lair:2   | Killed a death yak
 12162 | Lair:2   | Killed a death yak
 12165 | Lair:2   | Killed a death yak
 12168 | Lair:2   | Killed a death yak
 12168 | Lair:2   | Reached skill level 18 in Armour
 12176 | Lair:2   | Killed a death yak
 12527 | Lair:2   | Found a staircase to the Snake Pit.
 12607 | Lair:2   | Received a gift from Trog
 13302 | Lair:3   | Reached skill level 5 in Fighting
 14000 | Lair:3   | Got a warped scale mail
 14011 | Lair:3   | Identified the +6 scale mail "Ziffil" {SInv} (You found it on level 3 of the Lair of Beasts)
 14206 | Lair:4   | Found a dark tunnel.
 14241 | Volcano  | Entered a volcano
 14255 | Volcano  | Reached XP level 13. HP: 101/101 MP: 12/12
 14783 | Lair:4   | Found a staircase to the Swamp.
 15350 | Lair:4   | Reached skill level 10 in Fighting
 15954 | Lair:5   | Got a pair of fine gloves
 16147 | Lair:5   | Identified the cursed +0 pair of gloves "Dannusez" {-Tele *Drain rN+++ Dex+4} (You found it on level 5 of the Lair of Beasts)
 16642 | Lair:5   | Found a staircase to the Slime Pits.
 17090 | Lair:6   | Entered Level 6 of the Lair of Beasts
 17831 | Lair:6   | Reached XP level 14. HP: 130/130 MP: 13/13
 18177 | Lair:6   | Reached skill level 15 in Fighting
 18785 | Lair:6   | Got a jewelled cloak
 18954 | Lair:6   | Identified the cursed -5 cloak "Qyrov" {Slay+2} (You found it on level 6 of the Lair of Beasts)
 19450 | Orc:2    | Found a staircase to the Elven Halls.
 19851 | Orc:2    | Paralysed by an orc sorcerer for 4 turns
 19856 | Orc:2    | Slain by an orc warlord

Vault maps used:
D:1:      minmay_arrival_split_and_join
D:3:      nicolae_ashenzari_panopticon
D:4:      uniq_edmund, uniq_duvessa, uniq_eustachio
D:5:      serial_shops, nicolae_shop_statue_plus, basic_altar, first_bread
D:6:      uniq_crazy_yiuf_cottage, uniq_blork_the_orc
D:7:      trog_eyes_of_draining
D:8:      roderic_batcave
D:9:      david_orc_5
D:11:     dpeg_lair_monsters, grunt_tengu_nest, minmay_guarded_unrand_finisher,
          uniq_urug, uniq_erica
D:12:     basic_altar
Lair:1:   minivault_25, grunt_megastairs_4, lemuel_fruit_fields,
          lemuel_fruit_tree
Lair:2:   guppyfry_snake_entry_garden, serial_bayou, serial_bayou_pond_c,
          serial_bayou_pond_e, serial_bayou_lagoon_a, serial_bayou_lagoon_b,
          serial_bayou_ford_a, serial_bayou_shore_a, infiniplex_staircase_pool
Lair:4:   minmay_swamp_entry_swarm, nicolae_volcano_entry_lava_flow,
          infiniplex_staircase_pool_2
Lair:5:   slime_dummy
Lair:6:   hangedman_lair_tendril_chambers, minivault_27,
          nicolae_lair_grove_arrangements
Orc:1:    mines1_david, uniq_nergalle, uniq_josephine, uniq_fannar
Orc:2:    grunt_orc_gardens, grunt_orc_garden, grunt_orc_garden,
          grunt_orc_garden, grunt_orc_garden, uniq_azrael
Volcano:  volcano_village

Skill      XL: |  1  2  3  4  5  6  7  8  9 10 11 12 13 14 |
---------------+-------------------------------------------+-----
Axes           | 4 5 6 8 9 11 13 16 | 16.0
Armour         | 3 11 15 18 | 18.6
Fighting       | 5 13 16 | 16.2
Dodging        | |  2.4

Action                   |  1- 3 |  4- 6 |  7- 9 | 10-12 | 13-15 || total
-------------------------+-------+-------+-------+-------+-------++-------
Melee: Hand axe          |    84 |   147 |   325 |   349 |       ||   905
       Headbutt          |    17 |    26 |    75 |   137 |   106 ||   361
       Battleaxe         |       |       |       |   342 |   381 ||   723
Invok: Berserk           |       |     2 |     3 |     6 |     6 ||    17
       Trog's Hand       |       |       |     3 |     6 |     6 ||    15
       Brothers in Arms  |       |       |       |     1 |     1 ||     2
  Use: Scroll            |       |     1 |       |    25 |     1 ||    27
       Potion            |       |       |       |       |     1 ||     1
 Stab: Sleeping          |     1 |       |       |       |       ||     1
  Eat: Chunk             |     3 |     5 |    15 |    44 |    27 ||    94
Armor: Animal skin       |    23 |       |       |       |       ||    23
       Ring mail         |     2 |    14 |       |       |       ||    16
       Ice dragon armour |       |    50 |   111 |   252 |       ||   413
       Scale mail        |       |       |       |     5 |   173 ||   178
Dodge: Dodged            |    66 |    82 |   113 |   464 |   297 ||  1022
Block: Buckler           |       |     5 |    36 |    27 |       ||    68
